 Dungeon Crawl Stone Soup version 0.27.1 (webtiles) character file.

Game seed: 5357847674356086909

1937 chaosape the Covert (level 9, -5/73 HPs)
             Began as a Gnoll Wanderer on Aug 27, 2021.
             Was a Believer of Uskayaw.
             Slain by a troll (11 damage)
             ... on level 7 of the Dungeon.
             The game lasted 01:07:34 (9620 turns).

chaosape the Covert (Gnoll Wanderer)                Turns: 9620, Time: 01:07:35

Health: -5/73      AC: 15    Str: 14    XL:     9   Next: 18%
Magic:  15/15      EV:  5    Int: 17    God:    Uskayaw [**....]
Gold:   390        SH:  5    Dex: 13    Spells: 16/16 levels left

rFire    . . .     SeeInvis .   G - +2 falchion (holy)
rCold    . . .     Faith    .   y - +0 buckler
rNeg     . . .     Spirit   .   E - +1 plate armour
rPois    .         Reflect  .   o - +0 helmet
rElec    .         Harm     .   c - +0 cloak
rCorr    .         Rampage  .   (no gloves)
Will     .....                  (no boots)
Stlth    ..........             (no amulet)
HPRegen  0.22/turn              v - ring of flight
MPRegen  0.14/turn              w - +6 ring of intelligence

@: flying
A: fangs 1, strong nose, distributed training
a: Renounce Religion, Stomp, Line Pass


You were on level 7 of the Dungeon.
You worshipped Uskayaw.
Uskayaw was noncommittal.
You visited 2 branches of the dungeon, and saw 8 of its levels.

You collected 390 gold pieces.

Inventory:

Hand Weapons
 a - a +0 short sword
 b - a +0 mace of holy wrath
 e - a +0 dagger
 f - a +0 dagger
 h - a +2 dagger of venom
 j - a +0 shortbow
 t - a +0 long sword
 G - a +2 falchion of holy wrath (weapon)
 H - a +0 shortbow
Missiles
 m - 153 stones (quivered)
 q - 13 poisoned darts
 u - 47 arrows
 I - 2 atropa-tipped darts
Armour
 c - a +0 cloak (worn)
 d - a +0 leather armour
 k - a +0 ring mail
 o - a +0 helmet (worn)
 p - a +0 ring mail
 s - a +0 scale mail
 y - a +0 buckler (worn)
 A - the +0 robe of Riudd {Int+6 Dex-4 Slay+3}
   (You found it on level 5 of the Dungeon)

   Int:       It affects your intelligence (+6).
   Dex:       It affects your dexterity (-4).
   Slay:      It affects your accuracy & damage with ranged weapons and melee
   (+3).
 C - a +0 ring mail
 E - a +1 plate armour (worn)
 F - a +0 helmet
Jewellery
 r - an amulet of faith
 v - a ring of flight (left hand)
 w - a +6 ring of intelligence (right hand)
Scrolls
 g - a scroll of fog
 B - a scroll of amnesia
Potions
 i - 2 potions of degeneration
 z - a potion of attraction {unknown}
 D - a potion of cancellation {unknown}


   Skills:
 + Level 7.7 Fighting
 + Level 4.8 Short Blades
 + Level 4.0 Long Blades
 + Level 4.0 Axes
 + Level 4.0 Maces & Flails
 + Level 4.0 Polearms
 + Level 4.0 Staves
 + Level 4.0 Slings
 + Level 4.0 Bows
 + Level 4.0 Crossbows
 + Level 4.0 Throwing
 + Level 4.0 Armour
 + Level 6.1 Dodging
 + Level 8.8 Stealth
 + Level 4.0 Shields
 + Level 4.0 Unarmed Combat
 + Level 4.0 Spellcasting
 + Level 3.2 Conjurations
 + Level 3.2 Hexes
 + Level 3.2 Summonings
 + Level 3.2 Necromancy
 + Level 3.2 Translocations
 + Level 3.2 Transmutations
 + Level 3.2 Fire Magic
 + Level 3.2 Ice Magic
 + Level 3.2 Air Magic
 + Level 3.2 Earth Magic
 + Level 3.2 Poison Magic
 + Level 4.4 Invocations
 + Level 4.0 Evocations


You had 16 spell levels left.
You didn't know any spells.
Your spell library contained the following spells:

 Spells                   Type           Power      Damage    Failure   Level
 Beastly Appendage        Tmut           28%        N/A       98%         1
 Shock                    Conj/Air       56%        1d6       98%         1
 Sting                    Tmut/Pois      56%        1d5       98%         1
 Corpse Rot               Necr/Air       N/A        N/A       99%         2
 Poisonous Vapours        Pois/Air       28%        N/A       99%         2
 Wereblood                Tmut           14%        N/A       99%         2
 Spider Form              Tmut/Pois      7%         N/A       100%        3
 Swiftness                Air            14%        N/A       100%        3
 Airstrike                Air            7%         N/A       100%        4
 Olgreb's Toxic Radiance  Pois           14%        N/A       100%        4
 Freezing Cloud           Conj/Ice/Air   7%         6-21      100%        5
 Ozocubu's Refrigeration  Ice            7%         4d6       100%        7
 Ignition                 Fire           7%         3d4       100%        8


Dungeon Overview and Level Annotations

Branches:
Dungeon (7/15)             Temple (1/1) D:5

Altars:
Ashenzari
Dithmenos
Elyvilon
Fedhas
Gozag
Hepliaklqana
Kikubaaqudgha
Makhleb
Nemelex Xobeh
Okawaru
Qazlal
Ru
Sif Muna
Trog
Uskayaw
Vehumet
Wu Jian
Zin
The Shining One

Shops:
D:1 [*


Innate Abilities, Weirdness & Mutations

You have very sharp teeth.
Your uncanny sense of smell can sniff out nearby items.
Your experience applies equally to all skills.


Message History

You block the troll's attack. The troll claws you but does no damage.
The troll barely misses you.
You slash the troll!
The troll is moderately wounded.
You block the troll's attack.
The troll claws you but does no damage. x2
You hit the troll. You bite the troll, but do no damage.
The troll is moderately wounded.
The troll bites you but does no damage.
The troll claws you but does no damage. x2
Your plate armour prevents you from hitting the troll.
The troll is moderately wounded.
The troll bites you! You block the troll's attack.
The troll claws you but does no damage.
You hit the troll. You bite the troll, but do no damage.
The troll is moderately wounded.
You block the troll's attack. The troll claws you. The troll claws you!
You can now pass through a line of other dancers.
You barely miss the troll.
The troll is moderately wounded.
The troll bites you! The troll claws you but does no damage.
The troll completely misses you.
You hit the troll but do no damage. You bite the troll, but do no damage.
The troll is moderately wounded.
The troll completely misses you. The troll claws you but does no damage.
You block the troll's attack.
You hit the troll but do no damage.
The troll is moderately wounded.
The troll bites you but does no damage. The troll claws you but does no damage.
The troll claws you!
You closely miss the troll.
The troll is moderately wounded.
The troll bites you. The troll barely misses you.
The troll claws you but does no damage. The troll barely misses you.
The troll claws you!
* * * LOW HITPOINT WARNING * * *
The troll claws you!
* * * LOW HITPOINT WARNING * * *
It was a potion of magic.
Magic courses through your body. The troll bites you but does no damage.
The troll claws you but does no damage. The troll claws you!
You die...

# # ###### ....###
..... ... ##.# ##
#.T# .# #.# #.#@#
.###... .. #.#
...##.# ## #.#
...##.# #.#
...##.# #.#
...##.# #.#
......##########.#
.#.#.....[.......#
.....#############


You could see a troll.

Vanquished Creatures
  A troll (D:6)
  A wyvern (D:7)
  2 black bears (D:5)
  2 ogres
  2 necrophages
  2 centaurs
  2 phantoms
  2 scorpions (D:5)
  4 hounds
  3 orc priests
  2 jellies
  A bullfrog skeleton (D:6)
  3 iguanas
  3 orc wizards
  A killer bee zombie (D:6)
  3 hound skeletons
  2 adders (D:6)
  2 howler monkey skeletons
  A shadow imp (D:7)
  A white imp (D:6)
  An ufetubus (D:5)
  A worm (D:2)
  2 dart slugs (D:2)
  14 orcs
  7 bats
  5 endoplasms
  4 giant cockroaches
  6 goblins
  2 hobgoblins
  4 jackals (D:4)
  5 kobolds
  6 quokkas
  3 ball pythons
  2 frilled lizards
  4 rats
106 creatures vanquished.

Notes
Turn   | Place    | Note
-------+----------+-------------------------------------------
     0 | D:1      | chaosape the Gnoll Wanderer began the quest for the Orb.
     0 | D:1      | chaosape set off with the following items: a +0 short
                  | sword, 3 throwing nets, a potion of lignification, a +0
                  | leather armour, a +0 dagger
     0 | D:1      | Reached XP level 1. HP: 23/23 MP: 1/1
   119 | D:1      | Found Mifyat's General Store.
   207 | D:1      | Found Qiboxt's Armour Emporium.
   219 | D:1      | Reached XP level 2. HP: 29/29 MP: 2/2
   310 | D:1      | HP: 2/43 [poisoned by a goblin]
   886 | D:1      | Found a faded altar of an unknown god.
   901 | D:1      | Became a worshipper of Uskayaw the Reveller
   901 | D:1      | Reached * piety under Uskayaw
  1302 | D:2      | Reached skill level 1 in Long Blades
  1302 | D:2      | Reached skill level 1 in Axes
  1302 | D:2      | Reached skill level 1 in Maces & Flails
  1302 | D:2      | Reached skill level 1 in Polearms
  1302 | D:2      | Reached skill level 1 in Staves
  1302 | D:2      | Reached skill level 1 in Slings
  1302 | D:2      | Reached skill level 1 in Bows
  1302 | D:2      | Reached skill level 1 in Crossbows
  1302 | D:2      | Reached skill level 1 in Throwing
  1302 | D:2      | Reached skill level 1 in Armour
  1302 | D:2      | Reached skill level 1 in Shields
  1302 | D:2      | Reached skill level 1 in Unarmed Combat
  1302 | D:2      | Reached skill level 1 in Spellcasting
  1302 | D:2      | Reached skill level 1 in Invocations
  1302 | D:2      | Reached skill level 1 in Evocations
  1302 | D:2      | Reached XP level 3. HP: 19/35 MP: 2/4
  1303 | D:2      | Reached ** piety under Uskayaw
  1494 | D:2      | Reached XP level 4. HP: 37/41 MP: 5/5
  2541 | D:3      | Reached skill level 1 in Conjurations
  2541 | D:3      | Reached skill level 1 in Hexes
  2541 | D:3      | Reached skill level 1 in Summonings
  2541 | D:3      | Reached skill level 1 in Necromancy
  2541 | D:3      | Reached skill level 1 in Translocations
  2541 | D:3      | Reached skill level 1 in Transmutations
  2541 | D:3      | Reached skill level 1 in Fire Magic
  2541 | D:3      | Reached skill level 1 in Ice Magic
  2541 | D:3      | Reached skill level 1 in Air Magic
  2541 | D:3      | Reached skill level 1 in Earth Magic
  2541 | D:3      | Reached skill level 1 in Poison Magic
  2661 | D:3      | Reached XP level 5. HP: 47/47 MP: 6/6
  2935 | D:3      | Found a shadowy altar of Dithmenos.
  3364 | D:4      | Found a blossoming altar of Fedhas.
  3365 | D:4      | Noticed a phantom
  3383 | D:4      | Reached *** piety under Uskayaw
  3384 | D:4      | Killed a phantom
  3385 | D:4      | Reached skill level 8 in Stealth
  3385 | D:4      | Reached XP level 6. HP: 46/53 MP: 8/8
  4014 | D:4      | Reached skill level 5 in Dodging
  4443 | D:4      | Found a bloodstained altar of Trog.
  4457 | D:4      | Found a radiant altar of Vehumet.
  4534 | D:5      | Entered Level 5 of the Dungeon
  4670 | D:5      | Noticed a necrophage
  4689 | D:5      | Killed a necrophage
  4690 | D:5      | Reached XP level 7. HP: 44/59 MP: 10/10
  5717 | D:5      | Found a staircase to the Ecumenical Temple.
  5724 | Temple   | Entered the Ecumenical Temple
  6180 | D:5      | Identified the +0 robe of Riudd {Int+6 Dex-4 Slay+3}
  6231 | D:5      | Reached **** piety under Uskayaw
  6761 | D:5      | Reached XP level 8. HP: 44/67 MP: 12/12
  8278 | D:6      | Noticed a troll
  8291 | D:6      | Killed a troll
  8964 | D:7      | Reached XP level 9. HP: 69/72 MP: 14/14
  9422 | D:7      | Noticed a cyclops
  9608 | D:7      | Noticed a troll
  9620 | D:7      | Slain by a troll

Illustrated notes

Levels and vault maps discovered:
D:1:      dpeg_arrival_round_a, layout_loops_ring,
          hellmonk_ecumenical_altar_heavens_door, serial_shops, shop,
          nicolae_diamond_shop
D:2:      layout_loops_ring, minmay_misc_feat_square, skrybe_limestone_x
D:3:      layout_loops_ring, nicolae_dithmenos_through_a_glass_darkly
D:4:      layout_loops_ring, fedhas_ov_isle_minmay, mainiacjoe_overflow_swirl
D:5:      layout_rooms, temple_green
D:6:      layout_gridville
D:7:      layout_loops_ring, minmay_crystal_room, chequers_serial_rivers_micro_b
Temple:   regret_index_temple_waves

Skill      XL: |  1  2  3  4  5  6  7  8  9 |
---------------+----------------------------+-----
Long Blades    | 1 2 3 4 |  4.0
Axes           | 1 2 3 4 |  4.0
Maces & Flails | 1 2 3 4 |  4.0
Polearms       | 1 2 3 4 |  4.0
Staves         | 1 2 3 4 |  4.0
Slings         | 1 2 3 4 |  4.0
Bows           | 1 2 3 4 |  4.0
Crossbows      | 1 2 3 4 |  4.0
Throwing       | 1 2 3 4 |  4.0
Armour         | 1 2 3 4 |  4.0
Shields        | 1 2 3 4 |  4.0
Unarmed Combat | 1 2 3 4 |  4.0
Spellcasting   | 1 2 3 4 |  4.0
Invocations    | 1 2 3 4 |  4.4
Evocations     | 1 2 3 4 |  4.0
Conjurations   | 1 2 3 |  3.2
Hexes          | 1 2 3 |  3.2
Summonings     | 1 2 3 |  3.2
Necromancy     | 1 2 3 |  3.2
Translocations | 1 2 3 |  3.2
Transmutations | 1 2 3 |  3.2
Fire Magic     | 1 2 3 |  3.2
Ice Magic      | 1 2 3 |  3.2
Air Magic      | 1 2 3 |  3.2
Earth Magic    | 1 2 3 |  3.2
Poison Magic   | 1 2 3 |  3.2
Short Blades   | 3 4 |  4.8
Stealth        | 8 |  8.8
Dodging        | 5 6 |  6.1
Fighting       | 7 |  7.7

Action                   |  1- 3 |  4- 6 |  7- 9 || total
-------------------------+-------+-------+-------++-------
Melee: Short sword       |    29 |       |       ||    29
       Bite              |     3 |     7 |    35 ||    45
       Dagger            |    28 |   136 |       ||   164
       Falchion          |       |     6 |   258 ||   264
Throw: Throwing net      |     3 |     1 |       ||     4
       Stone             |       |     4 |     4 ||     8
       Dart              |       |       |    24 ||    24
Invok: Stomp             |       |       |     2 ||     2
  Use: Scroll            |     1 |     4 |     4 ||     9
       Potion            |     1 |       |    13 ||    14
 Stab: Sleeping          |     6 |    11 |     1 ||    18
       Paralysed         |       |     1 |     3 ||     4
       Held in net/web   |       |     1 |       ||     1
       Invisible         |       |       |     1 ||     1
Armor: Leather armour    |    11 |       |       ||    11
       Ring mail         |     8 |    15 |       ||    23
       Scale mail        |       |    14 |    75 ||    89
       Skin              |       |       |     1 ||     1
       Plate armour      |       |       |   137 ||   137
Dodge: Dodged            |    28 |    52 |   130 ||   210
Block: Buckler           |       |     4 |    67 ||    71
       Rpst.: Falchion   |       |     1 |    24 ||    25
